 Dungeon Crawl Stone Soup version 0.22.1-2-g9c5b331 (webtiles) character file.

30 whitewolfNL the Skirmisher (level 3, -2/34 HPs)
             Began as a Minotaur Berserker on Dec 18, 2018.
             Was a Follower of Trog.
             Killed from afar by an orc wizard (5 damage)
             ... with a magic dart
             ... on level 2 of the Dungeon.
             The game lasted 00:03:13 (1014 turns).

whitewolfNL the Skirmisher (Minotaur Berserker)     Turns: 1014, Time: 00:03:14

Health: -2/34      AC:  5    Str: 21    XL:     3   Next: 5%
Magic:  2/2        EV: 10    Int:  5    God:    Trog [*.....]
Gold:   42         SH:  0    Dex:  9    Spells: 2/2 levels left

rFire    . . .     SeeInvis .   a - +0 mace
rCold    . . .     Gourm    .   (no shield)
rNeg     . . .     Faith    .   h - +0 ring mail
rPois    .         Spirit   .   (helmet restricted)
rElec    .         Reflect  .   (no cloak)
rCorr    .         Harm     .   (no gloves)
MR       .....                  (no boots)
Stlth    ..........             (no amulet)
HPRegen  0.11/turn              (no ring)
MPRegen  0.08/turn              (no ring)

@: berserk cooldown, hasted, heavily drained, very quick
A: retaliatory headbutt, horns 2
a: Berserk, Renounce Religion


You were on level 2 of the Dungeon.
You worshipped Trog.
Trog was aware of your devotion.
You were very hungry.

You visited 1 branch of the dungeon, and saw 2 of its levels.

You collected 42 gold pieces.

Inventory:

Hand Weapons
 a - a +0 mace (weapon)
Armour
 b - a +0 animal skin
 h - a +0 ring mail (worn)
Scrolls
 f - 2 scrolls of remove curse {unknown}
 j - 2 scrolls of teleportation {unknown}
 k - a scroll of magic mapping {unknown}
 l - a scroll of enchant weapon {unknown}
 m - a scroll of enchant armour {unknown}
 n - a scroll of fear {unknown}
Potions
 e - a potion of haste
 g - a potion of curing {unknown}
 i - a potion of ambrosia
Comestibles
 c - 3 rations
 d - 7 chunks of flesh


   Skills:
 * Level 4.3(2.6) Fighting
 * Level 4.2(2.5) Maces & Flails
 * Level 2.6(1.0) Armour
 * Level 2.3(0.7) Dodging
 + Level 0.1(0.0) Stealth


You had 2 spell levels left.
You didn't know any spells.
Your spell library was empty.

Dungeon Overview and Level Annotations

Branches:
Dungeon (2/15)

Altars:


Innate Abilities, Weirdness & Mutations

You reflexively headbutt those who attack you in melee.
You have a pair of horns on your head.


Message History

Something hits you but does no damage.
You closely miss something. Something hits you.
You miss something.
Something hits you but does no damage. x2
You closely miss something. Something hits you but does no damage.
You closely miss something. Your headbutt misses something.
You hear some strange, mumbled words.
A magic dart appears from out of thin air!
The magic dart hits you!
* * * LOW HITPOINT WARNING * * *
You closely miss something. Something hits you but does no damage.
You closely miss something.
You feel yourself speed up.
You hear some strange, mumbled words.
A magic dart appears from out of thin air!
The magic dart hits you!
* * * LOW HITPOINT WARNING * * *
You hear some strange, mumbled words.
A magic dart appears from out of thin air!
The magic dart hits you!
You die...

###.#....#.........
#...#####........
###.#...<........
#.......#.#>....
#..##........###
#............#
#.#####......# #.#
...#...# #@#
##.#.#.# #.# .# ..#
#o# #o# #l# #)....#
##....... .......
.......


You could see 2 orcs and a frilled lizard.

Vanquished Creatures
  An orc (D:2)
  2 ball pythons (D:1)
  2 bats (D:1)
  A giant cockroach (D:1)
  6 goblins (D:1)
  4 hobgoblins (D:1)
  A frilled lizard (D:1)
  5 kobolds (D:1)
  2 rats (D:1)
24 creatures vanquished.

Notes
Turn   | Place    | Note
-------+----------+-------------------------------------------
     0 | D:1      | whitewolfNL the Minotaur Berserker began the quest for the
                  | Orb.
     0 | D:1      | Reached XP level 1. HP: 19/19 MP: 0/0
   284 | D:1      | Reached XP level 2. HP: 25/27 MP: 1/1
   879 | D:1      | Reached XP level 3. HP: 31/33 MP: 2/2
  1014 | D:2      | Killed from afar by an orc wizard

Skill      XL: |  1  2 |
---------------+-------+-----
Maces & Flails | 4 |  4.2
Fighting       | 4 |  4.3
Armour         | |  2.6
Dodging        | |  2.3
Stealth        | |  0.1

Action                   || total
-------------------------++-------
Melee: Mace              ||    60
       Headbutt          ||     4
Invok: Berserk           ||     1
  Use: Potion            ||     2
Armor: Animal skin       ||     9
       Ring mail         ||    23
Dodge: Dodged            ||    38
